 Dungeon Crawl Stone Soup version 0.28-a0-1159-g27aa881441 (webtiles) character file.

Game seed: 11912397680713996530

2492 ChaosChampion the Martial Artist (level 9, -1/53 HPs)
             Began as an Octopode Transmuter on Dec 15, 2021.
             Was a Follower of Cheibriados.
             Slain by a killer bee (7 damage)
             ... on level 7 of the Dungeon.
             The game lasted 00:12:23 (8085 turns).

ChaosChampion the Martial Artist (OpTm)             Turns: 8085, Time: 00:12:23

Health: -1/53      AC:  1    Str: 11    XL:     9   Next: 52%
Magic:  8/12       EV: 17    Int: 21    God:    Cheibriados [*.....]
Gold:   399        SH:  0    Dex: 15    Spells: 6/12 levels left

rFire   + . .      SeeInvis .     - Unarmed
rCold   . . .      Faith    .   (no shield)
rNeg    . . .      Spirit   .   (helmet restricted)
rPois   .          Reflect  .   (no amulet)
rElec   .          Harm     .   d - +4 ring of evasion
rCorr   .          Rampage  .   p - ring of protection from fire
Will    .....                   (no ring)
Stlth   ++........              (no ring)
HPRegen 0.17/turn               (no ring)
MPRegen 0.13/turn               (no ring)
                                (no ring)
                                (no ring)

@: lethally poisoned (-1 -> -9), very slow
A: almost no armour, amphibious, 8 rings, camouflage 1, gelatinous body 1,
(nimble swimmer 1), tentacles
a: Renounce Religion, Bend Time


You were on level 7 of the Dungeon.
You worshipped Cheibriados.
Cheibriados was aware of your devotion.
You visited 2 branches of the dungeon, and saw 8 of its levels.

You collected 399 gold pieces.

Inventory:

Missiles
 c - 2 throwing nets
 f - 20 poisoned darts (quivered)
Jewellery
 d - a +4 ring of evasion (left tentacle)
 p - a ring of protection from fire (right tentacle)
 u - a ring of ice
Wands
 q - a wand of flame (13)
Scrolls
 a - a scroll of fear {unknown}
 b - a scroll of noise {unknown}
 h - 2 scrolls of fog {unknown}
 i - 7 scrolls of identify {unknown}
 k - 3 scrolls of teleportation {unknown}
 l - a scroll of holy word {unknown}
 m - a scroll of brand weapon {unknown}
 n - a scroll of acquirement {unknown}
 s - a scroll of blinking {unknown}
Potions
 e - a potion of invisibility {unknown}
 g - a potion of lignification
 j - a potion of flight {unknown}
 o - a potion of mutation {unknown}
 r - 2 potions of cancellation
 t - a potion of berserk rage {unknown}


   Skills:
 - Level 1.0 Fighting
 - Level 2.0 Dodging
 * Level 10.4 Unarmed Combat
 - Level 2.0 Spellcasting
 + Level 7.5 Transmutations
 - Level 3.0 Poison Magic


You had 6 spell levels left.
You knew the following spells:

 Your Spells              Type           Power      Damage    Failure   Level
a - Beastly Appendage     Tmut           66%        N/A       1%          1
b - Wereblood             Tmut           33%        N/A       1%          2
c - Spider Form           Tmut/Pois      24%        N/A       4%          3

Your spell library contained the following spells:

 Spells                   Type           Power      Damage    Failure   Level
 Passwall                 Tmut/Erth      14%        N/A       4%          2
 Poisonous Vapours        Pois/Air       16%        N/A       12%         2
 Sandblast                Erth           4%         2d4       14%         1
 Corpse Rot               Necr/Air       4%         N/A       22%         2
 Ice Form                 Ice/Tmut       17%        N/A       30%         4
 Stone Arrow              Conj/Erth      4%         3d7       41%         3
 Fulminant Prism          Conj/Hex       1%         3d6       82%         4
 Iskenderun's Mystic Bla  Conj/Tloc      2%         2d3       82%         4
 Lee's Rapid Deconstruct  Erth           1%         3d5*      99%         5


Dungeon Overview and Level Annotations

Branches:
Dungeon (7/15)             Temple (1/1) D:6

Altars:
Cheibriados
Dithmenos
Elyvilon
Gozag
Hepliaklqana
Kikubaaqudgha
Makhleb
Nemelex Xobeh
Okawaru
Ru
Sif Muna
Trog
Uskayaw
Vehumet
Wu Jian
Xom
Yredelemnul
Zin
The Shining One

Shops:
D:1 (   D:4 *   D:5 (


Innate Abilities, Weirdness & Mutations

You cannot wear most types of armour.
You are amphibious.
You can wear up to eight rings at the same time.
Your skin changes colour to match your surroundings (Stealth+).
Your rubbery body absorbs attacks. (AC +1, EV +1)
((You are camouflaged near water. (Stealth+)))
You have tentacles for arms and can constrict up to eight enemies at once.


Message History

The black bear growls angrily.
The killer bee misses you. The killer bee completely misses you.
The killer bee closely misses you. x2; The killer bee completely misses you.
The killer bee misses you.
You closely miss the killer bee. The killer bee misses you.
The killer bee stings you. The killer bee barely misses you.
The killer bee misses you.
You completely miss the killer bee. The killer bee closely misses you.
The killer bee barely misses you. The killer bee closely misses you.
The killer bee completely misses you. The killer bee stings you.
You bite the killer bee!
The killer bee is poisoned.
The killer bee is severely wounded.
The killer bee stings you. x2; The killer bee barely misses you.
The killer bee misses you. The killer bee completely misses you.
You feel a bit better.
You kill the killer bee!
Cheibriados thoroughly appreciates the change of pace.
The killer bee misses you. x2; The killer bee completely misses you.
The killer bee closely misses you. x2; The killer bee stings you!
The killer bee closely misses you. The killer bee stings you.
You are poisoned.
The killer bee poisons you!
You are too injured to fight recklessly!
You feel very sick. The killer bee misses you. The killer bee stings you!
* * * LOW HITPOINT WARNING * * *
It was a potion of lignification.
Your transformation has ended.
You turn into a tree.
Your roots penetrate the ground.
You feel sick. The killer bee stings you.
* * * LOW HITPOINT WARNING * * *
The killer bee stings you but does no damage.
It was a potion of cancellation.
Your magical effects are unravelling.
You feel magically purged.
You feel less wooden.
Your primal bloodlust has ended.
* * * LOW HITPOINT WARNING * * *
You feel sick. The killer bee misses you. x2
The killer bee closely misses you. The killer bee stings you!
You die...

.♣♣ #.##.#####.# ♣♣ #..#.#
#.# .♣♣ #....# #.# ..♣♣
##..### ##.# ...♣##...#
#..###### ≈...####.##
#......(#
≈.))).....#####..####.###..
≈...............yyy........
..........#####.@#.......(.
..#.......##......#..!.....
.##.......##.##.<.###.###..
.##.......## #.... .# .
.########## #.#.## ## ...
#.#.# .#.# #>#.# ###.# ..
.# ##


You could see 3 killer bees.

Vanquished Creatures
  Pikel (D:4)
  Prince Ribbit (D:6)
  Eustachio (D:5)
  An orc warrior (D:7)
  2 ogres
  A black bear (D:6)
  2 phantoms (D:5)
  4 lemures (D:4)
  2 kobold brigands (D:6)
  Blork the orc (D:6)
  A bullfrog (D:6)
  A scorpion (D:6)
  2 water moccasin skeletons (D:4)
  A wyvern skeleton (D:5)
  A killer bee (D:7)
  4 centaur zombies
  A jelly (D:6)
  2 bullfrog skeletons
  A gnoll shaman (D:6)
  2 iguanas
  A scorpion zombie (D:4)
  2 orc wizards (D:7)
  A killer bee zombie (D:5)
  3 hound zombies (D:4)
  A hound skeleton (D:5)
  A howler monkey skeleton (D:7)
  5 gnolls (D:6)
  8 adders
  2 white imps
  An ufetubus (D:4)
  An adder zombie (D:4)
  A worm (D:5)
  2 dart slugs
  11 orcs
  2 bats
  4 endoplasms
  2 giant cockroaches
  5 hobgoblins
  3 jackals (D:4)
  A quokka (D:1)
  3 ball pythons
  3 frilled lizards (D:3)
  3 goblins
  9 kobolds
  4 rats
111 creatures vanquished.

Vanquished Creatures (others)
  A kobold (D:6)
  4 toadstools (D:2)
5 creatures vanquished.

Grand Total: 116 creatures vanquished

Notes
Turn   | Place    | Note
-------+----------+-------------------------------------------
     0 | D:1      | ChaosChampion the Octopode Transmuter began the quest for
                  | the Orb.
     0 | D:1      | Reached XP level 1. HP: 13/13 MP: 3/3
   158 | D:1      | Found a faded altar of an unknown god.
   201 | D:1      | Found Nulaif's Antique Weapon Shop.
   230 | D:1      | You fall into a shaft and drop 1 floor!
   236 | D:2      | Reached XP level 2. HP: 13/18 MP: 3/5
   368 | D:1      | Learned a level 2 spell: Wereblood
  1229 | D:2      | Reached XP level 3. HP: 9/23 MP: 3/6
  2154 | D:3      | Reached skill level 4 in Unarmed Combat
  2154 | D:3      | Reached XP level 4. HP: 8/28 MP: 3/7
  2160 | D:3      | Learned a level 3 spell: Spider Form
  2491 | D:3      | Found a shimmering blue altar of Sif Muna.
  2739 | D:3      | Reached skill level 1 in Poison Magic
  3122 | D:4      | Reached XP level 5. HP: 19/33 MP: 3/8
  3313 | D:4      | Found Icalempe's Neck Hole.
  3403 | D:4      | HP: 1/33 [hound zombie (2)]
  3636 | D:4      | Reached XP level 6. HP: 26/38 MP: 3/9
  3842 | D:4      | Reached skill level 5 in Unarmed Combat
  4473 | D:5      | Entered Level 5 of the Dungeon
  4669 | D:5      | Reached XP level 7. HP: 43/43 MP: 5/10
  4840 | D:5      | Noticed Eustachio
  4840 | D:5      | Noticed Pikel
  5376 | D:4      | Killed Pikel
  5377 | D:4      | Reached skill level 7 in Unarmed Combat
  5377 | D:4      | Reached skill level 5 in Transmutations
  5377 | D:4      | Reached XP level 8. HP: 12/48 MP: 7/11
  5634 | D:5      | Killed Eustachio
  5711 | D:5      | Reached skill level 8 in Unarmed Combat
  5799 | D:5      | Noticed a +0 short sword
  5801 | D:5      | Noticed a +0 falchion
  5842 | D:5      | Noticed a +0 spear
  5842 | D:5      | Noticed a +0 dagger
  5842 | D:5      | Noticed a +0 spear
  5842 | D:5      | Noticed a +0 falchion
  5842 | D:5      | Noticed a +0 dagger
  5843 | D:5      | Noticed a +0 short sword
  5857 | D:5      | Found a hide-covered altar of Uskayaw.
  6002 | D:5      | Found a sparkling altar of Nemelex Xobeh.
  6029 | D:5      | Found Maexij's Weapon Boutique.
  6196 | D:5      | Found a glowing golden altar of the Shining One.
  6196 | D:5      | Found a sacrificial altar of Ru.
  6240 | D:5      | Found a snail-covered altar of Cheibriados.
  6272 | D:5      | Became a worshipper of Cheibriados the Contemplative
  6347 | D:6      | Noticed Prince Ribbit
  6350 | D:6      | Noticed Blork the orc
  6389 | D:6      | Killed Blork the orc
  6402 | D:6      | Killed Prince Ribbit
  6403 | D:6      | Reached skill level 9 in Unarmed Combat
  6669 | D:6      | Reached XP level 9. HP: 53/53 MP: 12/12
  7142 | D:6      | Reached * piety under Cheibriados
  7401 | D:6      | Found a staircase to the Ecumenical Temple.
  7407 | Temple   | Entered the Ecumenical Temple
  7759 | D:6      | Reached skill level 10 in Unarmed Combat
  7851 | D:7      | Found a radiant altar of Vehumet.
  7925 | D:7      | Found a white marble altar of Elyvilon.
  8085 | D:7      | Slain by a killer bee

Illustrated notes

Levels and vault maps discovered:
D:1:      tarquinn_simple_flora_water_b, layout_basic,
          shapermc_ecumenical_altar_gd, serial_shops, shop_fountains
D:2:      layout_basic, minmay_gold_behind_fungi
D:3:      layout_loops_cross, led_sif_pool, kennysheep_pointless_box
D:4:      layout_cave_pods, serial_undead, serial_undead_e, serial_undead_f,
          serial_undead_f, serial_undead_a, nicolae_shop_sticking_my_neck_out
D:5:      layout_rooms, mainiacjoe_overflow_alcove_2,
          nemelex_spade_bored_becter, mainiacjoe_overflow_large_starburst,
          nicolae_uskayaw_en_pointe, serial_shops, kennysheep_little_box,
          uniq_pikel, uniq_eustachio
D:6:      layout_rooms, minmay_temple_entry_enclosed_plants,
          lemuel_old_faithful, uniq_blork_the_orc, uniq_prince_ribbit1
D:7:      layout_loops_cross, mainiacjoe_overflow_alcove_1, elyvilon_altar_3,
          fiery_altar_vehumet, dk_noncrumbling_3, grunt_potential
Temple:   minmay_temple_curvy_loop

Skill      XL: |  1  2  3  4  5  6  7  8  9 |
---------------+----------------------------+-----
Transmutations | 3 4 5 6 7 |  7.5
Unarmed Combat | 4 5 7 9 10 | 10.4
Poison Magic   | 3 |  3.0
Fighting       | |  1.0
Dodging        | |  2.0
Spellcasting   | |  2.0

Action                   |  1- 3 |  4- 6 |  7- 9 || total
-------------------------+-------+-------+-------++-------
Melee: Unarmed           |    57 |   119 |   238 ||   414
       Kick              |    10 |     3 |       ||    13
       Constrict         |    15 |     5 |     2 ||    22
       Punch             |     3 |     1 |     1 ||     5
       Tentacles         |     9 |     5 |     1 ||    15
Throw: Dart              |     4 |       |       ||     4
 Cast: Beastly Appendage |    12 |     4 |     2 ||    18
       Wereblood         |    10 |    17 |    29 ||    56
       Spider Form       |       |    14 |    32 ||    46
  Use: Potion            |       |     1 |     2 ||     3
 Stab: Sleeping          |     6 |     1 |       ||     7
Armor: Skin              |     2 |     5 |    15 ||    22
Dodge: Dodged            |    25 |   110 |   277 ||   412

Table legend: (Time is in decaauts)
 A = Elapsed time spent in this place.
 B = Non-inter-level travel time spent in this place.
 C = Inter-level travel time spent in this place.
 D = Time resting spent in this place.
 E = Time spent auto-exploring this place.
 F = Levels seen in this place.
 G = Mean time per level.
                   A        B        C        D        E       F      G
               +--------+--------+--------+--------+--------+-----+--------+
         Total |   8282 |   8112 |    170 |   1147 |   5593 |   8 | 1035.2 |
       Dungeon |   7996 |   7826 |    170 |   1147 |   5343 |   7 | 1142.3 |
        Temple |    285 |    285 |      0 |      0 |    250 |   1 |  285.0 |
               +--------+--------+--------+--------+--------+-----+--------+

Top non-repeatable levels by time:
     D:4: 2159 daAuts
     D:6: 1362 daAuts
     D:5: 1193 daAuts
     D:3: 1193 daAuts
     D:2: 1105 daAuts
     D:1: 704 daAuts
  Temple: 285 daAuts
     D:7: 277 daAuts
